 Dungeon Crawl Stone Soup version 0.17.0-73-gb648821 (webtiles) character file.

2599 Tzechnobog the Cleaver (level 9, 0/118 HPs)
             Began as a Hill Orc Berserker on Dec 10, 2015.
             Was an Elder of Trog.
             Succumbed to a killer bee's poison
             ... on level 7 of the Dungeon.
             The game lasted 00:38:30 (8498 turns).

Tzechnobog the Cleaver (Hill Orc Berserker)         Turns: 8498, Time: 00:38:30

Health: 0/118      AC: 12    Str: 28    XL:     9   Next: 59%
Magic:  9/9        EV: 12    Int:  7    God:    Trog [****..]
Gold:   418        SH:  6    Dex: 10    Spells: 0 memorised, 8 levels left

rFire  . . .     SeeInvis .     r - +1 hand axe (freeze)
rCold  . . .     Clarity  .     c - +2 scale mail
rNeg   + . .     SustAt   .     m - +2 buckler
rPois  +         Gourm    .     (no helmet)
rElec  .         Spirit   .     (no cloak)
rCorr  .         Warding  .     o - +1 pair of gloves
rMut   .         Stasis   .     (no boots)
MR     .....                    k - amulet of faith
Stlth  ..........               j - ring of poison resistance
                                h - ring of positive energy

@: berserking (expiring), lethally poisoned (0 -> -3), very quick, not resistant
to hostile enchantments, extremely unstealthy
A: no striking features
a: Berserk, Trog's Hand, Brothers in Arms, Burn Spellbooks, Renounce Religion


You were on level 7 of the Dungeon.
You worshipped Trog.
Trog was greatly pleased with you.
You were not hungry.

You visited 1 branch of the dungeon, and saw 7 of its levels.

You collected 418 gold pieces.

Inventory:

Hand Weapons
 a - a +1 hand axe
 d - a +1 short sword of venom
 i - a cursed +0 long sword
 r - a +1 hand axe of freezing (weapon)
 y - a +3 hand axe of flaming
 z - a +0 hunting sling of velocity
 A - a +1 war axe
 F - the +5 short sword of the Snake Pit {pain, Dex+7, unknown}
   (You found it on level 6 of the Dungeon)

   In the hands of one skilled in necromantic magic, it inflicts extra damage on
   living creatures.
   It affects your dexterity (+7).
Missiles
 f - 5 tomahawks (quivered)
Armour
 b - a +0 animal skin
 c - a +2 scale mail (worn)
 e - a +0 ring mail
 l - a +0 shield
 m - a +2 buckler (worn)
 o - a +1 pair of gloves (worn)
Jewellery
 h - a ring of positive energy (left hand)
 j - a ring of poison resistance (right hand)
 k - an amulet of faith (around neck)
 w - a cursed amulet of inaccuracy {unknown}
 E - a +4 ring of protection {unknown}
Wands
 n - a wand of confusion (23)
 s - a wand of flame (1)
 v - a wand of paralysis (10)
 C - a wand of lightning (5)
 D - a wand of paralysis (1)
Scrolls
 q - 4 scrolls of remove curse
 x - a scroll of teleportation
 B - a scroll of fear
Potions
 p - a potion of degeneration
 t - a potion of flight
 u - a potion of curing
Comestibles
 g - 3 bread rations
 G - a meat ration
 H - 2 fruits


   Skills:
 + Level 7.4 Fighting
 + Level 8.9 Axes
 + Level 0.6 Throwing
 + Level 7.5 Armour
 + Level 5.0 Dodging
 + Level 1.0 Stealth
 + Level 4.1 Shields


You had 8 spell levels left.
You didn't know any spells.

Dungeon Overview and Level Annotations

Branches:
Dungeon (7/15)             Temple (0/1) D:6

Altars:
Trog


Message History

A red film seems to cover your vision as you go berserk!
You feel yourself moving faster!
You feel mighty!
You feel somewhat more hungry.
* * * LOW HITPOINT WARNING * * *
You feel sick. The killer bee barely misses you.
The killer bee closely misses you.
You hit the killer bee. You freeze the killer bee.
The killer bee is almost dead.
* * * LOW HITPOINT WARNING * * *
You feel sick.
The killer bee stings you but does no damage.
You slash the killer bee! You freeze the killer bee.
You kill the killer bee!
Trog accepts your kill.
* * * LOW HITPOINT WARNING * * *
You feel sick.
There is an open door, spattered with blood here.
You see here a killer bee corpse.
You feel a strong urge to attack something.
You die...

###########..#..## #..
#............#..##
#..#######.#######.<..+....
#..........!..........#....
.................#####.....
.................# ..#.#.#.
.................# ........
..........######## ....#.#.
y.........@.....## ##......
..........#......# ##.#.#.
...############### #..... .
######


There were no monsters in sight!

Vanquished Creatures
  Eustachio (D:5)
  Menkaure (D:6)
  The ghost of DeXoteric the Sneak, an amateur SpEn (D:4)
  A sky beast (D:5)
  2 centaurs
  4 ogres
  A phantom (D:6)
  6 giant frogs
  5 killer bees (D:7)
  5 wights (D:6)
  2 crimson imps (D:7)
  4 hounds
  2 orc priests
  A gnoll shaman (D:5)
  6 worker ants
  3 orc wizards
  A killer bee zombie (D:6)
  A hound zombie (D:7)
  A hound skeleton (D:7)
  A worker ant zombie (D:5)
  5 adders
  4 gnolls (D:5)
  A river rat (D:4)
  An ooze (D:2)
  2 adder skeletons
  4 worms
  2 giant geckos
  7 orcs
  3 bats
  5 giant cockroaches
  5 goblins
  11 hobgoblins
  11 jackals
  8 kobolds
  2 quokkas
  A ball python (D:4)
  A giant gecko zombie (D:5)
  7 giant newts
  16 rats
145 creatures vanquished.

Notes
Turn   | Place    | Note
--------------------------------------------------------------
     0 | D:1      | Tzechnobog the Hill Orc Berserker began the quest for the Orb.
     0 | D:1      | Reached XP level 1. HP: 19/19 MP: 1/1
    46 | D:1      | Reached XP level 2. HP: 10/27 MP: 2/2
  1020 | D:1      | Reached XP level 3. HP: 33/33 MP: 3/3
  1046 | D:1      | Reached ** piety under Trog
  2473 | D:2      | Reached XP level 4. HP: 41/41 MP: 4/4
  2486 | D:2      | You fall through a shaft for 2 floors!
  2495 | D:4      | Noticed an ogre
  2512 | D:3      | Killed an ogre
  2512 | D:3      | Reached skill level 5 in Axes
  2512 | D:3      | Reached XP level 5. HP: 47/47 MP: 5/5
  2590 | D:2      | Found a bloodstained altar of Trog.
  3146 | D:3      | Reached *** piety under Trog
  3146 | D:3      | Reached skill level 5 in Fighting
  3759 | D:4      | Noticed an ogre
  3768 | D:4      | HP: 2/48 [ogre/giant club (18)]
  3771 | D:4      | Killed an ogre
  3771 | D:4      | Reached XP level 6. HP: 5/56 MP: 6/6
  4224 | D:4      | Noticed a giant frog
  4236 | D:4      | Reached skill level 6 in Axes
  4254 | D:4      | Killed a giant frog
  4269 | D:4      | Reached XP level 7. HP: 13/61 MP: 7/7
  4792 | D:4      | Noticed DeXoteric's ghost (amateur SpEn)
  4812 | D:4      | Killed DeXoteric's ghost
  4826 | D:4      | Reached skill level 5 in Armour
  5241 | D:5      | Entered Level 5 of the Dungeon
  5247 | D:5      | Noticed Eustachio
  5297 | D:5      | Killed Eustachio
  5297 | D:5      | Reached skill level 7 in Axes
  5297 | D:5      | Reached skill level 1 in Shields
  5337 | D:5      | Reached XP level 8. HP: 70/70 MP: 8/8
  5339 | D:5      | Reached skill level 1 in Stealth
  5993 | D:5      | Reached **** piety under Trog
  6466 | D:6      | Reached skill level 8 in Axes
  6948 | D:6      | Reached XP level 9. HP: 69/78 MP: 9/9
  7232 | D:6      | Found a staircase to the Ecumenical Temple.
  7268 | D:6      | Got a faintly glowing short sword
  7308 | D:6      | Noticed Menkaure
  7319 | D:6      | Killed Menkaure
  8463 | D:7      | Reached skill level 5 in Dodging
  8490 | D:7      | HP: 3/79 [killer bee (5)]
  8496 | D:7      | HP: 1/118 [poisoned by a killer bee]
  8498 | D:7      | Succumbed to a killer bee's poison

Action                   |  1- 3 |  4- 6 |  7- 9 || total
-------------------------+-------+-------+-------++-------
Melee: Hand axe          |   109 |   126 |   412 ||   647
Throw: Tomahawk          |     5 |       |     5 ||    10
Invok: Berserk           |     2 |     4 |     5 ||    11
       Trog's Hand       |       |     3 |     4 ||     7
       Burn Spellbooks   |       |     1 |       ||     1
  Use: Scroll            |     3 |     2 |     7 ||    12
       Potion            |       |     4 |     2 ||     6
 Stab: Invisible         |       |     1 |       ||     1
  Eat: Bread ration      |     1 |     1 |     1 ||     3
       Chunk             |     2 |     2 |     3 ||     7
       Meat ration       |     1 |       |     1 ||     2
       Pizza             |       |       |     1 ||     1
       Fruit             |       |       |     5 ||     5
